 Dungeon Crawl Stone Soup version 0.30-a0-652-gcc886f7154 (webtiles) character file.

Game seed: 11185773969042950188

126655 DeadOnArrival the Bludgeoner (level 16, -1/134 HPs)
             Began as a Demonspawn Monk on Jan 15, 2023.
             Was a High Priest of Okawaru.
             Slain by an iron troll (5 damage)
             ... on level 1 of the Depths on Jan 18, 2023.
             The game lasted 01:28:01 (24702 turns).

DeadOnArrival the Bludgeoner (Demonspawn Monk)     Turns: 24702, Time: 01:28:02

Health: -1/134     AC: 29    Str: 16    XL:     16   Next: 44%
Magic:  30/30      EV: 10    Int: 13    God:    Okawaru [*****.]
Gold:   3183       SH:  0    Dex: 18    Spells: 15/15 levels left

rFire   + . .      SeeInvis +    w - +5 Lochaber axe {reach-cleave, Poleaxe Drain}
rCold   x . .      Faith    +    (shield currently unavailable)
rNeg    . . .      Spirit   .    K - +3 chain mail of Rascheff {+Inv MP+9 Str-3 Slay+5}
rPois   +          Reflect  .    x - +1 helmet of Weirdness {rC- rCorr SInv}
rElec   +          Harm     .    I - +2 cloak of Death Resistance {rElec rPois Regen+ Dex+3}
rCorr   +          Rampage  .    o - +0 pair of gloves
Will    +....                    (boots unavailable) Stlth
                                 T - amulet of faith {!P}
HPRegen 1.22/turn                F - ring of protection from fire
MPRegen 0.22/turn                O - +4 ring of protection

@: mighty, studying 2 skills
A: hooves 3, slimy green scales 2, powered by pain 1, spiny 1
a: Renounce Religion, Evoke Invisibility, Heroism, Finesse, Duel


You were on level 1 of the Depths.
You worshipped Okawaru.
Okawaru was extremely pleased with you.
You visited 5 branches of the dungeon, and saw 24 of its levels.
You also visited: Ossuary, Bailey, Gauntlet and Ice Cave.

You collected 4665 gold pieces.
You spent 1482 gold pieces at shops.


Innate Abilities, Weirdness & Mutations

You have hooves in place of feet.
You are mostly covered in slimy green scales. (AC +3)
You sometimes gain a little power by taking damage.
You are partially covered in sharp spines.


   Skills:
 + Level 14.8 Fighting
 * Level 14.8(17.7) Axes
 - Level 15.9(18.2) Maces & Flails
 - Level 2.4 Ranged Weapons
 - Level 6.4 Throwing
 + Level 11.0 Armour
 - Level 7.0 Dodging
 - Level 1.7 Stealth
 - Level 6.5 Shields
 - Level 7.0 Invocations


You had 15 spell levels left.
You didn't know any spells.
Your spell library contained the following spells:

 Spells                   Type           Power      Damage    Failure   Level
 Apportation              Tloc           0%         N/A       97%         1
 Magic Dart               Conj           0%         1d3       97%         1
 Necrotise                Necr           0%         1d4       97%         1
 Sandblast                Erth           0%         2d4       97%         1
 Shock                    Conj/Air       0%         1d3       97%         1
 Cigotuvi's Dreadful Rot  Necr/Pois/Air  0%         N/A       99%         2
 Ensorcelled Hibernation  Hex/Ice        0%         N/A       99%         2
 Passwall                 Tmut/Erth      0%         N/A       99%         2
 Poisonous Vapours        Pois/Air       0%         N/A       99%         2
 Sublimation of Blood     Necr           0%         N/A       99%         2
 Kindle Blastsparks       Fire/Tloc/Air  0%         2d10      100%        3
 Mephitic Cloud           Conj/Pois/Air  0%         N/A       100%        3
 Portal Projectile        Hex/Tloc       0%         N/A       100%        3
 Stone Arrow              Conj/Erth      0%         3d7       100%        3
 Swiftness                Air            0%         N/A       100%        3
 Vampiric Draining        Necr           0%         2d6       100%        3
 Airstrike                Air            0%         2d(0-16)  100%        4
 Fulminant Prism          Conj/Hex       0%         3d5       100%        4
 Iskenderun's Mystic Bla  Conj/Tloc      0%         2d3       100%        4
 Manifold Assault         Tloc           0%         N/A       100%        4
 Petrify                  Tmut/Erth      0%         N/A       100%        4
 Agony                    Necr           0%         N/A       100%        5
 Alistair's Intoxication  Tmut/Pois      0%         N/A       100%        5
 Blade Hands              Tmut           0%         N/A       100%        5
 Irradiate                Conj/Tmut      0%         3d11      100%        5
 Lee's Rapid Deconstruct  Erth           0%         3d4*      100%        5
 Dispersal                Tloc           0%         N/A       100%        6
 Eringya's Noxious Bog    Tmut/Pois      0%         N/A       100%        6
 Dragon Form              Tmut           0%         N/A       100%        7
 Disjunction              Tloc           0%         N/A       100%        8
 Call Imp                 Summ           Unusable   N/A       N/A         2
 Tukima's Dance           Hex            Unusable   N/A       N/A         3
 Summon Forest            Summ/Tloc      Unusable   N/A       N/A         5
 Summon Hydra             Summ           Unusable   N/A       N/A         7

Inventory:

Hand Weapons
 w - the +5 Lochaber axe (weapon) {reach-cleave, Poleaxe Drain}
   (You bought it in a shop on level 2 of the Orcish Mines)

   Poleaxe:   It uses either Axes or Polearms skill, whichever is higher.
   Drain:     It drains your maximum health when unequipped.
Missiles
 f - 59 stones
 q - 4 throwing nets {=f!f}
 J - 3 curare-tipped darts {=f}
 P - 25 boomerangs (quivered)
 U - 6 atropa-tipped darts
 V - 2 boomerangs of dispersal {=f!f}
 Z - 6 poisoned darts
Armour
 o - a +0 pair of gloves (worn)
   (You found it on level 2 of the Dungeon)
 x - the +1 helmet of Weirdness (worn) {rC- rCorr SInv}
   (You found it in a Gauntlet)

   rC:        It makes you vulnerable to cold.
   SInv:      It lets you see invisible.
   rCorr:     It protects you from acid and corrosion.
 I - the +2 cloak of Death Resistance (worn) {rElec rPois Regen+ Dex+3}
   (You found it on level 6 of the Dungeon)

   Dex:       It affects your dexterity (+3).
   rElec:     It insulates you from electricity.
   rPois:     It protects you from poison.
   Regen:     It increases your rate of health regeneration.
 K - the +3 chain mail of Rascheff (worn) {+Inv MP+9 Str-3 Slay+5}
   (Okawaru gifted it to you on level 2 of the Orcish Mines)

   Str:       It affects your strength (-3).
   Slay:      It affects your accuracy & damage with ranged weapons and melee
   (+5).
   MP:        It affects your magic capacity (+9).
   +Inv:      It lets you turn invisible.
Magical Staves
 a - a staff of cold {!a}
   (You found it on level 1 of the Depths)
Jewellery
 F - a ring of protection from fire (left hand)
   (You found it in an ice cave)
 O - a +4 ring of protection (right hand)
   (You found it on level 5 of the Dungeon)
 T - an amulet of faith (around neck) {!P}
   (You took it off a minotaur in a Gauntlet)
Wands
 d - a wand of flame (42)
   (You found it on level 4 of the Dungeon)
 h - a wand of roots (12)
   (You found it on level 7 of the Dungeon)
 p - a wand of light (15)
   (You found it on level 2 of the Dungeon)
 D - a wand of paralysis (8)
   (You found it on level 5 of the Dungeon)
 S - a wand of polymorph (15)
   (You found it on level 8 of the Dungeon)
Scrolls
 b - a scroll of fear
 i - a scroll of fog
 k - 4 scrolls of blinking {!r}
 n - 2 scrolls of poison
 r - 10 scrolls of teleportation {@r4}
 s - a scroll of identify {@r1}
 t - 2 scrolls of silence {!r}
 A - 4 scrolls of vulnerability {!r!r}
 E - 2 scrolls of immolation {!r!r}
 H - 4 scrolls of magic mapping {!r}
 M - a scroll of enchant armour
Potions
 c - 3 potions of ambrosia
 e - a potion of resistance {unknown}
 g - 4 potions of brilliance
 l - 2 potions of berserk rage {!q}
 m - 17 potions of curing {@q1}
 u - 9 potions of lignification {!q}
 v - 7 potions of magic
 z - 6 potions of invisibility
 B - 8 potions of haste {@q3}
 G - 4 potions of might
 L - 4 potions of flight
 N - 2 potions of attraction {!q}
 Q - a potion of mutation {!q}
 R - 2 potions of cancellation
 Y - 2 potions of heal wounds {@q2}
Miscellaneous
 y - a phantom mirror
   (You found it on level 13 of the Dungeon)
 W - a condenser vane
   (You found it in an ice cave)
 X - a piece from Xom's chessboard (15/15)
   (You found it in a Gauntlet)

Dungeon Overview and Level Annotations

Branches:
Dungeon (15/15) Zot: 25454  Temple (1/1) D:7 Zot: 5998    Lair (5/5) D:11 Zot: 24117
  Swamp (0/4) Lair:2       Spider (0/4) Lair:3        Slime (0/5) Lair:5
    Orc (2/2) D:10 Zot: 10006     Elf (0/3) Orc:2        Vaults (0/5) D:14
 Depths (1/4) D:15 Zot: 5199 Ossuary (visited)          Bailey (visited)
  IceCv (visited)         Gauntlet (visited)

Altars:
Ashenzari
Dithmenos
Fedhas
Gozag
Hepliaklqana
Kikubaaqudgha
Makhleb
Nemelex Xobeh
Okawaru
Ru
Sif Muna
Trog
Uskayaw
Jiyva

Shops:
D:3 (   D:7 ?   D:8 *   Orc:1 ?   Orc:2 (([*

Portals:
Hell: Depths:1
Ziggurat: Depths:1
Trove: D:14 (give +3 fire dragon scales)

Annotations:
D:2 Sigmund
D:4 Pikel
D:14 2 runed translucent doors, Noohia's ghost, journeyman MeCK
Lair:5 1 runed translucent door

#.......###∩.........
##....................
#..............≈~≈....
#..............~≈~....
##...........#.~≈~....
##.........###.~≈~....
#......^...##..~~~~...
##..(.T...###.........
###.@#...# .......
#....##..# .......
##...# .... ......
##### .##. ..... .#


You could see an iron troll (fast).


Message History

The deep troll claws you.
The deep troll shaman calls upon its god to speed up something.
The deep troll bites you but does no damage.
The deep troll barely misses you. The deep troll claws you. 😕 HP[-22]
You take 22 damage, and now have 112/134 hp.
Reach: w) +5 Lochaber axe {reach-cleave, Poleaxe Drain}
Press: ? - help, Dir - move target, f - deep troll
Aim: a deep troll (lightly wounded, fast, strong, about 26% to evade the +5 Lochaber axe)
You carve the deep troll like a ham!!!
You kick the deep troll, but do no damage.
The deep troll bites you!! The deep troll claws you!
The deep troll claws you but does no damage. 😮 HP[-33]
You take 33 damage, and now have 79/134 hp.
MASSIVE DAMAGE!! (PAUSE) Reach: w) +5 Lochaber axe {reach-cleave, Poleaxe Drain}
Press: ? - help, Dir - move target, f/p - deep troll
Aim: a deep troll (severely wounded, fast, strong, about 26% to evade the +5 Lochaber axe)
You closely miss the deep troll. Your kick misses the deep troll.
You barely miss the iron troll.
The deep troll is struck by your spines.
The deep troll bites you!!
* * * LOW HITPOINT WARNING * * *
You focus on the pain.
You feel very mighty all of a sudden. The deep troll barely misses you.
The deep troll claws you but does no damage. 😨 HP[-18]
You take 18 damage, and now have 61/134 hp.
Reach: w) +5 Lochaber axe {reach-cleave, Poleaxe Drain}
Press: ? - help, Dir - move target, f/p - deep troll
Aim: a deep troll (almost dead, fast, strong, about 26% to evade the +5 Lochaber axe)
You slice the deep troll!!
You kill the deep troll!
Okawaru accepts your kill.
You hit the iron troll but do no damage.
The iron troll completely misses you.
The iron troll claws you but does no damage. x2 😨 HP[+2]
You regained 2 hp, and now have 63/134 hp.
Reach: w) +5 Lochaber axe {reach-cleave, Poleaxe Drain}
Press: ? - help, Dir - move target, f - iron troll
Aim: an iron troll (fast, about 12% to evade the +5 Lochaber axe)
You hit the iron troll. You kick the iron troll.
You barely miss the deep troll shaman.
The deep troll shaman is struck by your spines.
The deep troll shaman closely misses you.
The deep troll shaman claws you but does no damage. x2
The iron troll closely misses you. The iron troll barely misses you.
The iron troll claws you.
* * * LOW HITPOINT WARNING * * *
😨 HP[-5]
You take 5 damage, and now have 58/134 hp.
Reach: w) +5 Lochaber axe {reach-cleave, Poleaxe Drain}
Press: ? - help, Dir - move target, f/p - iron troll
Aim: an iron troll (lightly wounded, fast, about 12% to evade the +5 Lochaber axe)
You barely miss the iron troll. You barely miss the deep troll shaman.
The deep troll shaman bites you but does no damage.
The deep troll shaman claws you!
* * * LOW HITPOINT WARNING * * *
The deep troll shaman claws you but does no damage.
The iron troll is struck by your spines.
The iron troll bites you but does no damage.
The iron troll barely misses you.
The iron troll claws you but does no damage. 😨 HP[-5]
You take 5 damage, and now have 53/134 hp.
Reach: w) +5 Lochaber axe {reach-cleave, Poleaxe Drain}
Press: ? - help, Dir - move target, f/p - iron troll
Aim: an iron troll (lightly wounded, fast, about 12% to evade the +5 Lochaber axe)
You hit the iron troll. Your kick misses the iron troll.
You slash the deep troll shaman! The deep troll shaman bites you!
* * * LOW HITPOINT WARNING * * *
The deep troll shaman completely misses you.
The deep troll shaman claws you.
* * * LOW HITPOINT WARNING * * *
The iron troll bites you.
* * * LOW HITPOINT WARNING * * *
The iron troll barely misses you. The iron troll claws you!
* * * LOW HITPOINT WARNING * * *
😱 HP[-30]
You take 30 damage, and now have 23/134 hp.
MASSIVE DAMAGE!! (PAUSE)
You barely miss the deep troll shaman. You kick the deep troll shaman!!
You slice the iron troll!!
You hear a shout!
The deep troll shaman bites you but does no damage.
The deep troll shaman claws you but does no damage. x2
The iron troll bites you!!
* * * LOW HITPOINT WARNING * * *
The iron troll claws you but does no damage. x2
The deep troll shaman is struck by your spines.
You kill the deep troll shaman!
Okawaru accepts your kill. 😱 HP[-19]
You take 19 damage, and now have 4/134 hp.
The iron troll attacks as you move away!
The iron troll closely misses you. The iron troll claws you.
You die...

Skill      XL: |  1  2  3  4  5  6  7  8  9 10 11 12 13 14 15 16 |
---------------+-------------------------------------------------+-----
Maces & Flails | 3 4 5 6 7 8 10 12 14 15 | 15.9
Dodging        | 3 4 5 6 7 |  7.0
Fighting       | 4 5 6 7 9 11 13 14 | 14.8
Throwing       | 1 2 3 4 6 |  6.4
Invocations    | 1 4 5 7 |  7.0
Armour         | 1 4 6 8 10 11 | 11.0
Shields        | 3 5 6 |  6.5
Ranged Weapons | 2 |  2.4
Axes           | 3 9 13 14 | 14.8
Stealth        | |  1.7

Action                   |  1- 3 |  4- 6 |  7- 9 | 10-12 | 13-15 | 16-18 || total
-------------------------+-------+-------+-------+-------+-------+-------++-------
Melee: Mace              |    79 |   109 |       |       |       |       ||   188
       Punch             |       |     5 |     5 |    13 |     6 |       ||    29
       Whip              |       |    32 |    61 |       |       |       ||    93
       Flail             |       |       |   208 |       |       |       ||   208
       Eveningstar       |       |       |    22 |   734 |   996 |       ||  1752
       Kick              |       |       |       |       |   320 |    52 ||   372
       Lochaber axe      |       |       |       |       |    24 |   128 ||   152
 Fire: Sling             |       |     3 |       |       |       |       ||     3
       Arbalest          |       |       |       |       |   223 |       ||   223
Throw: Stone             |       |     7 |     5 |     2 |       |       ||    14
       Dart              |       |       |     1 |       |       |       ||     1
       Boomerang         |       |       |       |     6 |    15 |     2 ||    23
       Javelin           |       |       |       |       |     2 |       ||     2
Invok: Heroism           |       |     2 |     2 |     5 |     4 |     3 ||    16
       Finesse           |       |       |       |     3 |     8 |     3 ||    14
Evoke: Wand              |       |     1 |       |       |     3 |     1 ||     5
  Use: Scroll            |       |       |    20 |     5 |    10 |       ||    35
       Potion            |       |       |       |     2 |     6 |     2 ||    10
 Stab: Sleeping          |     8 |     2 |     2 |     9 |       |       ||    21
       Invisible         |       |     3 |       |       |       |       ||     3
       Distracted        |       |     1 |       |       |       |       ||     1
Armor: Robe              |     8 |    25 |       |       |       |       ||    33
       Leather armour    |       |       |    85 |       |       |       ||    85
       Ring mail         |       |       |    15 |   213 |       |       ||   228
       Chain mail        |       |       |       |   198 |   915 |   101 ||  1214
Dodge: Dodged            |    63 |    89 |   172 |   421 |   540 |    66 ||  1351
Block: Kite shield       |       |       |       |       |    83 |       ||    83
       Buckler           |       |       |       |       |    32 |       ||    32

Levels and vault maps discovered:
D:1:      co_arrival_two_rings, layout_rooms, minmay_pentomino_z4
D:2:      layout_basic, uniq_sigmund
D:3:      layout_rooms, okawaru_altar_gauntlet_db, serial_shops,
          nicolae_shop_bloodbath_and_beyond,
          chequers_ecumenical_altar_simple_redux
D:4:      layout_basic, mainiacjoe_overflow_paths,
          mainiacjoe_overflow_boulevard, minivault_5, uniq_pikel
D:5:      cheibrodos_barr_body, layout_rooms, uniq_ijyb, uniq_prince_ribbit1
D:6:      layout_layer_cave, eat_drink_and_be_merry_uskayaw, kennysheep_mini
D:7:      statuecave_lemuel, layout_basic, mainiacjoe_overflow_six_doors_small,
          chequers_temple_overflow_statue_of_worship, temple_fountains,
          serial_shops, shop, chequers_serial_rivers_micro_d
D:8:      layout_gridville, mainiacjoe_overflow_alcove_1,
          lightli_ossuary_entry_decrepit_ruins, minmay_shop_damaged
D:9:      nicolae_cairo_tiling_large, layout_basic, enter_bailey_3, st_stairs_7,
          minmay_misc_feat_enclosed, feat_on_display
D:10:     layout_cave_pools, gammafunk_temple_overflow_elements,
          chequers_serial_rivers_micro_d
D:11:     layout_loops_cross, david_lair_shrubbed, uniq_erica
D:12:     layout_cross
D:13:     layout_basic, special_room [special_room_orc], uniq_lodul
D:14:     layout_long_grid, erik_vaults_1, basic_altar,
          muffindrake_ghost_dual_entry, enter_trove_2, kennysheep_generic_room_9
D:15:     gammafunk_depths_entry_grave, layout_loops_corners,
          nicolae_dithmenos_shadow_blocks, minmay_fractal_squares_gapless_7,
          uniq_azrael
Temple:   hellmonk_temple_of_storms
Lair:1:   layout_misc_corridors, portal_ice_cave_entry_pillars_1,
          grunt_megastairs_5, serial_bayou_shore_a, lemuel_fruit_fields,
          uniq_gastronok
Lair:2:   layout_chaotic_city, palyth_hydra_swamp_entry, gauntlet_entry_generic
Lair:3:   wad_woods_pond, layout_layer_cave, spider_nest_entry_rubble
Lair:4:   layout_cave_pods, grunt_megastairs_1
Lair:5:   hangedman_lair_caniforms_friends, layout_long_grid, wormcave,
          slime_entry_2, st_stairs_12
Orc:1:    layout_caves, serial_shops, nicolae_shop_behind_doors
Orc:2:    grunt_orc_community_town_hall, layout_caves,
          grunt_orc_community_big_house_2, grunt_orc_community_big_house_2,
          grunt_orc_community_house_2, grunt_orc_community_house_2,
          grunt_orc_community_house_1, grunt_orc_community_house_3, basic_altar
Depths:1: layout_cave_pools, enter_ziggurat_e, hell_entry, fountainhead,
          chequers_serial_rivers_micro_e, nicolae_ashenzari_skybound

Notes
Turn   | Place    | Note
-------+----------+-------------------------------------------
     0 | D:1      | DeadOnArrival the Demonspawn Monk began the quest for the
                  | Orb.
     0 | D:1      | Reached XP level 1. HP: 18/18 MP: 1/1
     0 | D:1      | magus.rc [v1.11.4]
   136 | D:1      | You pick up a book of Vapours and begin reading...
   136 | D:1      | You add the spells Poisonous Vapours, Cigotuvi's Dreadful
                  | Rot and Mephitic Cloud to your library.
   212 | D:1      | Reached skill level 3 in Maces & Flails
   221 | D:1      | Gained mutation: You are partially covered in sharp spines.
                  | [demonic ancestry]
   221 | D:1      | Reached XP level 2. HP: 11/24 MP: 2/2
   521 | D:1      | You pick up a book of Weapons and begin reading...
   521 | D:1      | You add the spells Tukima's Dance, Portal Projectile and
                  | Blade Hands to your library.
   606 | D:1      | You pick up a book of Blasting and begin reading...
   606 | D:1      | You add the spells Kindle Blastsparks, Fulminant Prism,
                  | Iskenderun's Mystic Blast and Lee's Rapid Deconstruction to
                  | your library.
   729 | D:2      | Reached skill level 3 in Dodging
   729 | D:2      | Gained mutation: You sometimes gain a little power by
                  | taking damage. [demonic ancestry]
   729 | D:2      | Reached XP level 3. HP: 20/29 MP: 3/3
   932 | D:2      | Identified the +4 long sword of Delicate Tortfeasance
                  | {venom, *Corrode rF+ rN+ Str+9}
  1124 | D:2      | Noticed Sigmund
  1691 | D:3      | Reached XP level 4. HP: 14/36 MP: 4/4
  1691 | D:3      | HP: 7/36 [worm (7)]
  1842 | D:3      | Found an iron altar of Okawaru.
  1863 | D:3      | Became a worshipper of Warmaster Okawaru
  1863 | D:3      | Reached * piety under Okawaru
  1863 | D:3      | Reached ** piety under Okawaru
  1919 | D:3      | Found a faded altar of an unknown god.
  1927 | D:3      | Reached skill level 4 in Maces & Flails
  1965 | D:3      | Reached XP level 5. HP: 36/42 MP: 5/5
  2239 | D:3      | Found Nuapp's Weapon Boutique.
  2324 | D:3      | You pick up a book of Burglary and begin reading...
  2324 | D:3      | You add the spells Passwall, Ensorcelled Hibernation and
                  | Swiftness to your library.
  2558 | D:4      | Reached skill level 4 in Fighting
  2867 | D:4      | Noticed a black bear
  2972 | D:4      | Noticed a lemure
  2973 | D:4      | Noticed a lemure
  2973 | D:4      | Noticed a lemure
  2974 | D:4      | Noticed Pikel
  2998 | D:4      | Found a shimmering blue altar of Sif Muna.
  3056 | D:4      | Found a blossoming altar of Fedhas.
  3058 | D:4      | Killed a black bear
  3059 | D:4      | Reached skill level 1 in Throwing
  3059 | D:4      | Gained mutation: You are partially covered in slimy green
                  | scales. (AC +2) [demonic ancestry]
  3059 | D:4      | Reached XP level 6. HP: 45/48 MP: 6/6
  3134 | D:4      | Noticed an ice beast
  3148 | D:4      | Killed an ice beast
  3149 | D:4      | Reached skill level 5 in Maces & Flails
  3149 | D:4      | Reached skill level 4 in Dodging
  3388 | D:5      | Entered Level 5 of the Dungeon
  3388 | D:5      | Noticed Ijyb
  3442 | D:5      | Paralysed by Ijyb for 3 turns
  3460 | D:5      | Paralysed by Ijyb for 5 turns
  3463 | D:5      | Killed Ijyb
  3464 | D:5      | Reached XP level 7. HP: 47/55 MP: 5/7
  3514 | D:5      | Reached skill level 2 in Throwing
  3687 | D:5      | Noticed a yak
  3700 | D:5      | Killed a yak
  3704 | D:5      | Reached skill level 5 in Fighting
  3782 | D:5      | Reached skill level 6 in Maces & Flails
  3787 | D:5      | Reached skill level 1 in Invocations
  3860 | D:5      | Reached *** piety under Okawaru
  3861 | D:5      | Reached XP level 8. HP: 42/62 MP: 7/9
  3997 | D:5      | Reached skill level 3 in Throwing
  3997 | D:5      | Reached skill level 2 in Invocations
  4004 | D:5      | You fall into a shaft and drop 1 floor!
  4062 | D:6      | Reached skill level 5 in Dodging
  4246 | D:6      | Reached skill level 3 in Invocations
  4495 | D:6      | Reached skill level 7 in Maces & Flails
  4546 | D:6      | Found a hide-covered altar of Uskayaw.
  4642 | D:6      | Reached **** piety under Okawaru
  4707 | D:6      | Found a hazy altar of Hepliaklqana.
  4712 | D:6      | Reached skill level 6 in Fighting
  4712 | D:6      | Reached skill level 4 in Invocations
  4712 | D:6      | Gained mutation: You are mostly covered in slimy green
                  | scales. (AC +3) [demonic ancestry]
  4712 | D:6      | Reached XP level 9. HP: 66/69 MP: 10/12
  4803 | D:6      | Identified the +2 cloak of Death Resistance {rElec rPois
                  | Regen+ Dex+3}
  5102 | D:6      | You pick up a book of Minor Magic and begin reading...
  5284 | D:7      | Reached skill level 4 in Throwing
  5454 | D:7      | Found a staircase to the Ecumenical Temple.
  5504 | D:7      | Found a burning altar of Makhleb.
  5506 | D:7      | Found a sparkling altar of Nemelex Xobeh.
  5689 | D:7      | Found a bloodstained altar of Trog.
  5814 | D:7      | Found Sikugen's Magic Scroll Boutique.
  5825 | D:7      | Reached skill level 8 in Maces & Flails
  5826 | D:7      | Bought a scroll of blinking for 90 gold pieces
  5826 | D:7      | Bought a scroll of teleportation for 36 gold pieces
  5883 | D:7      | Reached skill level 5 in Invocations
  6093 | Temple   | Entered the Ecumenical Temple
  6181 | D:8      | Reached skill level 6 in Dodging
  6248 | D:8      | Found a sand-covered staircase.
  6256 | Ossuary  | Entered an ossuary
  6582 | D:8      | Found a shadowy altar of Dithmenos.
  6645 | D:8      | Found Ezefan's Lightly-Used Armoury.
  6653 | D:8      | Bought a -1 eveningstar for 120 gold pieces
  6653 | D:8      | T - a -1 eveningstar {rare}
  6691 | D:8      | Identified a scroll of acquirement
  6691 | D:8      | Acquired a manual of Fighting
  6762 | D:7      | Bought a scroll of enchant weapon for 90 gold pieces
  6762 | D:7      | Bought a scroll of brand weapon for 114 gold pieces
  6762 | D:7      | your -1 eveningstar {rare} is covered with a thin layer of
                  | ice!
  6762 | D:7      | T - a -1 eveningstar of freezing {rare}
  6763 | D:7      | your -1 eveningstar of freezing {rare} glows red for a
                  | moment.
  6811 | D:5      | Noticed Prince Ribbit
  6813 | D:5      | your +0 eveningstar of freezing {rare} glows with a cold
                  | blue light!
  6813 | D:5      | T - a +0 eveningstar of freezing (weapon) {rare}
  6828 | D:5      | Killed Prince Ribbit
  7099 | D:8      | Reached skill level 7 in Fighting
  7498 | D:9      | Gained mutation: You have large cloven feet. [demonic
                  | ancestry]
  7498 | D:9      | Reached XP level 10. HP: 79/79 MP: 14/14
  7522 | D:9      | Noticed a tengu warrior
  7552 | D:9      | Killed a tengu warrior
  7553 | D:9      | Reached skill level 5 in Throwing
  7553 | D:9      | Reached skill level 6 in Invocations
  7598 | D:9      | Reached skill level 9 in Maces & Flails
  7612 | D:9      | Found a flagged portal.
  7631 | Bailey   | Entered a bailey
  8104 | D:9      | Reached ***** piety under Okawaru
  8211 | D:9      | Reached skill level 8 in Fighting
  8253 | D:9      | Reached skill level 7 in Invocations
  8549 | D:9      | Identified the +3 ring mail of Ruewiprulop {Rampage}
  8633 | D:9      | Reached skill level 7 in Dodging
  8722 | D:10     | Entered Level 10 of the Dungeon
  8766 | D:10     | You pick up a book of Transfigurations and begin reading...
  8766 | D:10     | You add the spells Irradiate and Dragon Form to your
                  | library.
  9000 | D:10     | Received a gift from Okawaru
  9030 | D:10     | Reached skill level 1 in Armour
  9069 | D:10     | Reached skill level 9 in Fighting
  9069 | D:10     | Reached skill level 10 in Maces & Flails
  9069 | D:10     | Reached skill level 6 in Throwing
  9071 | D:10     | Reached XP level 11. HP: 84/89 MP: 16/16
  9180 | D:10     | Found an ancient bone altar of Kikubaaqudgha.
  9180 | D:10     | Found a broken altar of Ashenzari.
  9275 | D:10     | You pick up a book of Necromancy and begin reading...
  9275 | D:10     | You add the spells Necrotise, Vampiric Draining and Agony
                  | to your library.
  9293 | D:10     | Found a staircase to the Orcish Mines.
  9534 | D:11     | Noticed a two-headed ogre
  9536 | D:11     | Noticed a two-headed ogre
  9544 | D:10     | Killed a two-headed ogre
  9545 | D:10     | Reached skill level 2 in Armour
  9577 | D:11     | Noticed a skeletal warrior
  9578 | D:11     | Noticed a skeletal warrior
  9578 | D:11     | Noticed a skeletal warrior
  9578 | D:11     | Noticed a skeletal warrior
  9592 | D:10     | Killed a skeletal warrior
  9672 | Orc:1    | Entered Level 1 of the Orcish Mines
  9811 | Orc:1    | Found Hityi's Magic Scroll Boutique.
  9814 | Orc:1    | Bought a scroll of acquirement for 572 gold pieces
  9814 | Orc:1    | Acquired a manual of Maces & Flails
  9830 | Orc:2    | Entered Level 2 of the Orcish Mines
  9863 | Orc:1    | Noticed an orc knight
  9874 | Orc:2    | Reached skill level 1 in Shields
  9898 | Orc:2    | Killed an orc knight
  9898 | Orc:2    | Received a gift from Okawaru
  9899 | Orc:2    | Reached skill level 10 in Fighting
  9899 | Orc:2    | Reached skill level 3 in Armour
  9902 | Orc:2    | Reached skill level 11 in Maces & Flails
 10139 | Orc:2    | Reached skill level 2 in Shields
 10244 | Orc:2    | Noticed an orc high priest
 10254 | Orc:2    | Killed an orc high priest
 10326 | Orc:2    | Reached skill level 12 in Maces & Flails
 10333 | Orc:2    | Reached skill level 4 in Armour
 10335 | Orc:2    | Noticed an orc warlord
 10352 | Orc:2    | Killed an orc warlord
 10353 | Orc:2    | Reached skill level 3 in Shields
 10358 | Orc:2    | Reached skill level 11 in Fighting
 10375 | Orc:2    | Identified the +3 chain mail of Rascheff {+Inv MP+9 Str-3
                  | Slay+5} (Okawaru gifted it to you on level 2 of the Orcish
                  | Mines)
 10375 | Orc:2    | Received a gift from Okawaru
 10381 | Orc:2    | Reached XP level 12. HP: 84/100 MP: 11/17
 10387 | Orc:2    | Found Bunyari's Antique Weapon Boutique.
 10434 | Orc:2    | Found Hohented's Antique Armour Shop.
 10544 | Orc:2    | Noticed an orc high priest
 10561 | Orc:2    | Killed an orc high priest
 10798 | Orc:2    | Reached skill level 13 in Maces & Flails
 10806 | Orc:2    | Found Zeylo's General Store.
 11128 | Orc:2    | Found Dippuci's Weapon Boutique.
 11265 | Orc:2    | Found a staircase to the Elven Halls.
 11451 | D:10     | Killed a two-headed ogre
 11452 | D:10     | Reached skill level 4 in Shields
 11476 | D:11     | Noticed a boulder beetle
 11499 | D:11     | Killed a boulder beetle
 11500 | D:11     | Reached skill level 5 in Armour
 11534 | D:11     | You pick up a book of Geomancy and begin reading...
 11534 | D:11     | You add the spells Sandblast and Stone Arrow to your
                  | library.
 11606 | D:11     | Found a staircase to the Lair.
 11700 | D:11     | your +0 eveningstar of freezing {rare} glows red for a
                  | moment.
 11725 | D:11     | Reached skill level 12 in Fighting
 11823 | D:11     | Noticed Erica
 11837 | D:10     | Killed Erica
 12335 | D:11     | Reached skill level 5 in Shields
 12384 | Lair:1   | Entered Level 1 of the Lair of Beasts
 12384 | Lair:1   | Found a frozen archway.
 12394 | IceCv    | Entered an ice cave
 12484 | IceCv    | Reached skill level 14 in Maces & Flails
 12491 | IceCv    | your +1 eveningstar of freezing {rare} craves living souls!
 12491 | IceCv    | T - a +1 eveningstar of draining (weapon) {rare}
 12513 | IceCv    | your +1 eveningstar of draining {rare} projects an
                  | invisible shield of force!
 12513 | IceCv    | T - a +1 eveningstar of protection (weapon) {rare}
 12542 | IceCv    | Reached skill level 6 in Armour
 12654 | IceCv    | Found an ancient bone altar of Kikubaaqudgha.
 12671 | IceCv    | Received a gift from Okawaru
 12672 | IceCv    | Reached skill level 13 in Fighting
 12711 | IceCv    | Gained mutation: You have hoof-like feet. [demonic
                  | ancestry]
 12711 | IceCv    | Reached XP level 13. HP: 88/111 MP: 18/18
 12750 | IceCv    | Received a gift from Okawaru
 13010 | IceCv    | HP: 21/107 [ice devil (8)]
 13011 | IceCv    | Reached ****** piety under Okawaru
 13012 | IceCv    | Reached skill level 6 in Shields
 13020 | IceCv    | HP: 26/110 [ice devil (9)]
 13029 | IceCv    | HP: 18/111 [freezing wraith (4)]
 13029 | IceCv    | HP: 7/111 [freezing wraith (3)]
 13408 | Lair:1   | You pick up a book of Alchemy and begin reading...
 13408 | Lair:1   | You add the spells Sublimation of Blood and Petrify to your
                  | library.
 13475 | Lair:1   | Noticed Gastronok
 13489 | Lair:1   | Killed Gastronok
 13915 | Lair:1   | Reached skill level 7 in Armour
 13924 | Lair:2   | Received a gift from Okawaru
 14181 | Lair:2   | Reached skill level 15 in Maces & Flails
 14316 | Lair:2   | Found a gate leading to a gauntlet.
 14338 | Gauntlet | Entered a Gauntlet
 14338 | Gauntlet | Found a transporter.
 14338 | Gauntlet | Found a transporter.
 14354 | Gauntlet | Found a large runed translucent door.
 14355 | Gauntlet | Found a large runed translucent door.
 14356 | Gauntlet | Found a large runed translucent door.
 14356 | Gauntlet | Found a large runed translucent door.
 14356 | Gauntlet | Found a runed translucent door.
 14357 | Gauntlet | Found a large runed translucent door.
 14358 | Gauntlet | Found a transporter.
 14363 | Gauntlet | Found a transporter.
 14371 | Gauntlet | Found a transporter.
 14377 | Gauntlet | Found a transporter.
 14378 | Gauntlet | Found a transporter.
 14385 | Gauntlet | Found a transporter.
 14398 | Gauntlet | Found a large runed translucent door.
 14399 | Gauntlet | Found a large runed translucent door.
 14400 | Gauntlet | Found a large runed translucent door.
 14402 | Gauntlet | Found a runed translucent gate.
 14404 | Gauntlet | Found a transporter.
 14512 | Gauntlet | Found a transporter.
 14515 | Gauntlet | Found a transporter.
 14517 | Gauntlet | Found a large runed translucent door.
 14518 | Gauntlet | Found a large runed translucent door.
 14519 | Gauntlet | Found a large runed translucent door.
 14519 | Gauntlet | Found a large runed translucent door.
 14519 | Gauntlet | Found a runed translucent door.
 14520 | Gauntlet | Found a large runed translucent door.
 14521 | Gauntlet | Found a large runed translucent door.
 14522 | Gauntlet | Found a large runed translucent door.
 14522 | Gauntlet | Found a large runed translucent door.
 14523 | Gauntlet | Found a runed translucent gate.
 14523 | Gauntlet | Found a runed translucent gate.
 14525 | Gauntlet | Found a transporter.
 14767 | Gauntlet | Identified the +1 helmet of Weirdness {rC- rCorr SInv}
 14865 | Gauntlet | Reached skill level 14 in Fighting
 14924 | Gauntlet | Identified the +8 arbalest "Gufri" {penet, rElec rPois rN+}
 14924 | Gauntlet | Noticed a minotaur
 14936 | Gauntlet | Killed a minotaur
 14938 | Gauntlet | x - a +1 eveningstar of protection (weapon) {rare}
 14949 | Gauntlet | You pick up a book of Party Tricks and begin reading...
 14949 | Gauntlet | You add the spells Apportation and Alistair's Intoxication
                  | to your library.
 15208 | Lair:2   | Received a gift from Okawaru
 15292 | Lair:2   | Found a staircase to the Swamp.
 15624 | Lair:3   | Found a hole to the Spider Nest.
 15643 | Lair:3   | magus.rc [v1.11.4]
 15643 | Lair:3   | x - a +1 eveningstar of protection (weapon) {rare}
 15643 | Lair:3   | x - a +1 eveningstar of protection (weapon) {rare}
 15643 | Lair:3   | a - a +1 eveningstar of protection (weapon) {rare}
 15649 | Lair:3   | your +1 eveningstar of protection {rare} goes still.
 15760 | Lair:3   | your +1 eveningstar of protection {rare} hums with
                  | potential!
 15760 | Lair:3   | a - a +1 eveningstar of protection (weapon) {rare}
 15765 | Lair:3   | Reached skill level 1 in Ranged Weapons
 15767 | Lair:3   | your +1 eveningstar of protection {rare} goes still.
 15769 | Lair:3   | your +1 eveningstar of protection {rare} hums with
                  | potential!
 15769 | Lair:3   | a - a +1 eveningstar of protection (weapon) {rare}
 15808 | Lair:3   | Reached skill level 1 in Axes
 15824 | Lair:3   | your +1 eveningstar of protection {rare} goes still.
 15838 | Lair:3   | Reached skill level 8 in Armour
 15838 | Lair:3   | your +1 eveningstar of protection {rare} hums with
                  | potential!
 15838 | Lair:3   | a - a +1 eveningstar of protection (weapon) {rare}
 16008 | Lair:3   | Reached skill level 2 in Ranged Weapons
 16308 | Lair:3   | your +1 eveningstar of protection {rare} goes still.
 16321 | Lair:3   | your +1 eveningstar of protection {rare} hums with
                  | potential!
 16321 | Lair:3   | a - a +1 eveningstar of protection (weapon) {rare}
 16549 | Orc:2    | Bought the +5 Lochaber axe {reach-cleave, Poleaxe Drain}
                  | for 460 gold pieces
 16549 | Orc:2    | Found the +5 Lochaber axe {reach-cleave, Poleaxe Drain}
 16631 | Orc:1    | Identified the +7 ring mail of Filth {rC+ Str+4} (Okawaru
                  | gifted it to you on level 1 of the Orcish Mines)
 16631 | Orc:1    | Received a gift from Okawaru
 16655 | Orc:1    | your +1 eveningstar of protection {rare} goes still.
 17026 | Lair:3   | Reached skill level 2 in Axes
 17200 | Lair:3   | your +1 eveningstar of protection {rare} hums with
                  | potential!
 17200 | Lair:3   | a - a +1 eveningstar of protection (weapon) {rare}
 17367 | Lair:4   | your +1 eveningstar of protection {rare} goes still.
 17503 | Lair:4   | your +1 eveningstar of protection {rare} hums with
                  | potential!
 17503 | Lair:4   | a - a +1 eveningstar of protection (weapon) {rare}
 17504 | Lair:4   | Reached skill level 3 in Axes
 17504 | Lair:4   | Gained mutation: You have hooves in place of feet. [demonic
                  | ancestry]
 17504 | Lair:4   | Reached XP level 14. HP: 89/120 MP: 19/19
 17833 | Lair:4   | Reached skill level 4 in Axes
 18321 | Lair:5   | Entered Level 5 of the Lair of Beasts
 18378 | Lair:5   | Found a runed translucent door.
 18378 | Lair:5   | Found a viscous altar of Jiyva.
 18440 | Lair:5   | Reached skill level 5 in Axes
 18533 | Lair:5   | your +1 eveningstar of protection {rare} goes still.
 18559 | Lair:5   | Reached skill level 9 in Armour
 18561 | Lair:5   | your +1 eveningstar of protection {rare} hums with
                  | potential!
 18561 | Lair:5   | a - a +1 eveningstar of protection (weapon) {rare}
 18587 | Lair:5   | your +1 eveningstar of protection {rare} goes still.
 18592 | Lair:5   | your +1 eveningstar of protection {rare} hums with
                  | potential!
 18592 | Lair:5   | a - a +1 eveningstar of protection (weapon) {rare}
 18607 | Lair:5   | your +1 eveningstar of protection {rare} goes still.
 18620 | Lair:5   | Reached skill level 6 in Axes
 18630 | Lair:5   | your +1 eveningstar of protection {rare} hums with
                  | potential!
 18630 | Lair:5   | a - a +1 eveningstar of protection (weapon) {rare}
 18724 | Lair:5   | your +1 eveningstar of protection {rare} goes still.
 18796 | Lair:5   | your +1 eveningstar of protection {rare} hums with
                  | potential!
 18796 | Lair:5   | a - a +1 eveningstar of protection (weapon) {rare}
 18842 | Lair:5   | your +1 eveningstar of protection {rare} goes still.
 18940 | Lair:5   | your +1 eveningstar of protection {rare} hums with
                  | potential!
 18940 | Lair:5   | a - a +1 eveningstar of protection (weapon) {rare}
 18944 | Lair:5   | Received a gift from Okawaru
 18988 | Lair:5   | Reached skill level 7 in Axes
 19000 | Lair:5   | Received a gift from Okawaru
 19167 | Lair:5   | Noticed an acid blob
 19168 | Lair:5   | Noticed an acid blob
 19169 | Lair:5   | Found a staircase to the Slime Pits.
 19171 | Lair:5   | Noticed an acid blob
 19331 | Lair:5   | Reached skill level 8 in Axes
 19624 | Lair:5   | Found a runed translucent door.
 19667 | Lair:5   | Reached skill level 10 in Armour
 19902 | Lair:5   | your +1 eveningstar of protection {rare} goes still.
 19906 | Lair:5   | your +1 eveningstar of protection {rare} hums with
                  | potential!
 19906 | Lair:5   | a - a +1 eveningstar of protection (weapon) {rare}
 20212 | D:12     | Reached skill level 9 in Axes
 20249 | D:11     | Identified the +3 buckler "Zeulel" {rF+} (Okawaru gifted it
                  | to you on level 11 of the Dungeon)
 20249 | D:11     | Received a gift from Okawaru
 20258 | D:11     | Upgraded the game from 0.30-a0-639-g3916f1956a to
                  | 0.30-a0-652-gcc886f7154
 20258 | D:11     | magus.rc [v1.11.4]
 20258 | D:11     | magus.rc [v1.11.4]
 20277 | D:12     | your +1 eveningstar of protection {rare} goes still.
 20297 | D:12     | Reached XP level 15. HP: 126/126 MP: 20/20
 20612 | D:13     | Noticed Lodul
 20617 | D:13     | Killed Lodul
 20618 | D:13     | Reached skill level 10 in Axes
 21260 | D:13     | your +1 eveningstar of protection {rare} hums with
                  | potential!
 21260 | D:13     | a - a +1 eveningstar of protection (weapon) {rare}
 21349 | D:14     | Reached skill level 11 in Axes
 21356 | D:14     | your +1 eveningstar of protection {rare} goes still.
 21375 | D:14     | Found a gate to the Vaults.
 21483 | D:14     | Found a portal to a secret trove of treasure.
 21493 | D:14     | your +1 eveningstar of protection {rare} hums with
                  | potential!
 21493 | D:14     | a - a +1 eveningstar of protection (weapon) {rare}
 21495 | D:14     | Identified the +2 ring mail of Altruism {rCorr} (Okawaru
                  | gifted it to you on level 14 of the Dungeon)
 21495 | D:14     | Received a gift from Okawaru
 21496 | D:14     | your +1 eveningstar of protection {rare} goes still.
 21500 | D:14     | your +1 eveningstar of protection {rare} hums with
                  | potential!
 21500 | D:14     | a - a +1 eveningstar of protection (weapon) {rare}
 21503 | D:14     | magus.rc [v1.11.4]
 21512 | D:14     | This trove needs +3 fire dragon scales to function. Give it
                  | the item?
 21537 | D:14     | Found a sacrificial altar of Ru.
 21574 | D:14     | Found a runed translucent door.
 21574 | D:14     | Noticed a fire giant
 21575 | D:14     | Noticed a storm dragon
 21575 | D:14     | Noticed a lich
 21576 | D:14     | Noticed Noohia's ghost (journeyman MeCK)
 21581 | D:14     | Found a runed translucent door.
 21595 | D:14     | your +1 eveningstar of protection {rare} goes still.
 21698 | D:14     | your +1 eveningstar of protection {rare} hums with
                  | potential!
 21698 | D:14     | a - a +1 eveningstar of protection (weapon) {rare}
 21699 | D:14     | your +1 eveningstar of protection {rare} goes still.
 21761 | D:14     | your +1 eveningstar of protection {rare} hums with
                  | potential!
 21761 | D:14     | a - a +1 eveningstar of protection (weapon) {rare}
 21864 | D:14     | your +1 eveningstar of protection {rare} goes still.
 21933 | D:14     | Acquired 722 gold pieces
 21971 | D:14     | You pick up a book of Air and begin reading...
 21971 | D:14     | You add the spells Shock and Airstrike to your library.
 22276 | D:15     | Entered Level 15 of the Dungeon
 22341 | D:15     | Found a shadowy altar of Dithmenos.
 22381 | D:15     | your +1 eveningstar of protection {rare} hums with
                  | potential!
 22381 | D:15     | a - a +1 eveningstar of protection (weapon) {rare}
 22382 | D:15     | your +1 eveningstar of protection {rare} goes still.
 22493 | D:15     | your +1 eveningstar of protection {rare} hums with
                  | potential!
 22493 | D:15     | a - a +1 eveningstar of protection (weapon) {rare}
 22588 | D:15     | your +1 eveningstar of protection {rare} goes still.
 22590 | D:15     | your +1 eveningstar of protection {rare} hums with
                  | potential!
 22590 | D:15     | a - a +1 eveningstar of protection (weapon) {rare}
 22592 | D:15     | your +1 eveningstar of protection {rare} goes still.
 22648 | D:15     | your +1 eveningstar of protection {rare} hums with
                  | potential!
 22648 | D:15     | a - a +1 eveningstar of protection (weapon) {rare}
 22653 | D:15     | Reached skill level 12 in Axes
 22826 | D:15     | Noticed Azrael
 22827 | D:15     | your +1 eveningstar of protection {rare} goes still.
 22832 | D:15     | your +1 eveningstar of protection {rare} hums with
                  | potential!
 22832 | D:15     | a - a +1 eveningstar of protection (weapon) {rare}
 22836 | D:15     | Killed Azrael
 22990 | D:15     | your +1 eveningstar of protection {rare} goes still.
 22994 | D:15     | your +1 eveningstar of protection {rare} hums with
                  | potential!
 22994 | D:15     | a - a +1 eveningstar of protection (weapon) {rare}
 23185 | D:15     | Reached skill level 13 in Axes
 23282 | D:15     | Found a staircase to the Depths.
 23482 | D:15     | Received a gift from Okawaru
 23668 | D:15     | Your damage rating with your +1 eveningstar of protection
                  | {rare} is about 34 (Base 15 x 115% (Str) x 167% (Skill) + 6
                  | (Ench + Slay)).
 23668 | D:15     | Your damage rating with your +1 eveningstar of protection
                  | {rare} is about 34 (Base 15 x 115% (Str) x 167% (Skill) + 6
                  | (Ench + Slay)).
 23675 | D:15     | your +1 eveningstar of protection {rare} goes still.
 23678 | Depths:1 | Entered Level 1 of the Depths
 23712 | Depths:1 | HP: 23/126 [spark wasp (15)]
 23713 | Depths:1 | HP: 10/126 [spark wasp/living lightning (10)]
 23720 | Depths:1 | HP: 23/126 [spark wasp (8)]
 23720 | Depths:1 | HP: 6/126 [spark wasp (illusionary) (12)]
 23720 | Depths:1 | HP: 2/126 [spark wasp (illusionary) (4)]
 23835 | Depths:1 | Reached XP level 16. HP: 101/134 MP: 21/21
 23840 | Depths:1 | Reached skill level 14 in Axes
 23920 | Depths:1 | HP: 17/134 [iron troll (21)]
 23952 | Depths:1 | HP: 19/134 [vampire knight/+3 dire flail (26)]
 23963 | D:15     | HP: 32/134 [vampire knight/vampiric draining (14)]
 23964 | D:15     | Received a gift from Okawaru
 24056 | Depths:1 | Noticed a tengu reaver
 24069 | Depths:1 | Killed a tengu reaver
 24129 | Depths:1 | Found a broken altar of Ashenzari.
 24130 | Depths:1 | You drop a +1 eveningstar of protection {rare}.
 24202 | Depths:1 | You pick up a book of the Warp and begin reading...
 24202 | Depths:1 | You add the spells Manifold Assault, Dispersal and
                  | Disjunction to your library.
 24307 | Depths:1 | Identified the +3 scale mail "Atabil" {rElec rF+} (Okawaru
                  | gifted it to you on level 1 of the Depths)
 24307 | Depths:1 | Received a gift from Okawaru
 24500 | Depths:1 | Found a one-way gateway to a ziggurat.
 24627 | Depths:1 | Found a gateway to Hell.
 24649 | Depths:1 | Reached skill level 11 in Armour
 24700 | Depths:1 | HP: 23/134 [iron troll (15)]
 24701 | Depths:1 | HP: 4/134 [iron troll (20)]
 24702 | Depths:1 | Slain by an iron troll

Vanquished Creatures
  Gastronok (Lair:1)
  A tengu reaver (Depths:1)
  An orc warlord (Orc:2)
  2 stone giants (Depths:1)
  3 very ugly things (Depths:1)
  A vampire knight (D:15)
  Azrael (D:15)
  4 spark wasps (Depths:1)
  A minotaur (Gauntlet)
  A fire dragon (Lair:5)
  An entropy weaver (shapeshifter) (D:15)
  Erica (D:10)
  4 centaur warriors
  8 hydras
  4 rakshasas
  2 catoblepae
  2 dancing weapons (D:14)
  4 two-headed ogres
  4 boulder beetles
  7 tengu warriors
  4 deep troll shamans (Depths:1)
  2 deep troll earth magi (Depths:1)
  2 orc high priests (Orc:2)
  A spriggan berserker (Depths:1)
  3 iron trolls (Depths:1)
  Lodul (D:13)
  15 skeletal warriors
  7 deep trolls (Depths:1)
  2 glowing orange brains (Depths:1)
  A flayed ghost (D:15)
  5 orc knights
  3 wizards
  A deep elf zephyrmancer (D:15)
  2 necromancers
  A lindwurm (Lair:5)
  2 deep elf pyromancers
  A shadow dragon skeleton (D:15)
  A fire giant zombie (D:15)
  3 manticores
  An ugly thing (D:15)
  5 cyclopes
  13 elephants (Lair:5)
  A black mamba (Lair:5)
  A rust devil (Gauntlet)
  An ice statue (IceCv)
  6 torpor snails (Lair:5)
  4 cane toads
  A spriggan zombie (D:15)
  4 gargoyles
  An efreet (D:13)
  A tengu conjurer (D:13)
  2 anaconda simulacra (IceCv)
  2 rime drakes
  11 komodo dragons
  5 freezing wraiths
  13 ice devils
  7 trolls
  11 polar bears
  A wolf spider simulacrum (D:15)
  A queen bee (Gauntlet)
  8 hornets
  5 tyrant leeches
  Prince Ribbit (D:5)
  4 raiju (Lair:5)
  20 blink frogs
  A jumping spider (Lair:3)
  A dream sheep (Lair:5)
  6 flying skulls (Gauntlet)
  10 slime creatures
  A centaur simulacrum (D:15)
  3 shadows
  2 fire elementals (D:15)
  3 wraiths
  5 wyverns
  A dire elephant simulacrum (IceCv)
  4 water elementals (Depths:1)
  A ynoxinul (Gauntlet)
  22 yaks
  5 basilisks
  4 vampire mosquitoes
  5 death yak simulacra (IceCv)
  2 swamp worms (Lair:2)
  6 wargs
  5 acid dragons
  3 harpy simulacra (IceCv)
  14 water moccasins
  A hydra simulacrum (IceCv)
  19 hell hounds
  A glowing shapeshifter skeleton (D:15)
  41 orc warriors
  3 ice beasts
  16 black bears
  3 sky beasts
  22 ogres
  23 wolves
  9 centaurs
  A phantom (D:6)
  2 kobold brigands
  13 bullfrogs
  2 gnoll sergeants
  4 cane toad simulacra (IceCv)
  3 necrophages
  2 two-headed ogre simulacra (IceCv)
  4 scorpions
  4 wights
  4 elephant simulacra (IceCv)
  16 killer bees
  4 howler monkeys
  2 electric eels
  22 orc priests
  3 hounds
  2 jellies
  2 gnoll boudas
  4 iron imps (Gauntlet)
  Ijyb (D:5)
  4 iguanas
  29 orc wizards
  A troll simulacrum (IceCv)
  2 polar bear simulacra (IceCv)
  A spriggan simulacrum (IceCv)
  5 wolf simulacra (IceCv)
  8 mummies (Ossuary)
  32 gnolls
  12 adders
  5 white imps
  6 ufetubi
  2 worms (D:3)
  A dart slug (D:3)
  114 orcs
  4 ball pythons
  10 endoplasms
  5 giant cockroaches
  11 goblins
  8 hobgoblins
  3 jackals (D:1)
  4 quokkas
  3 bats
  4 frilled lizards
  A gnoll zombie (Ossuary)
  4 hobgoblin zombies (Ossuary)
  18 kobolds
  A kobold zombie (Ossuary)
  2 orc zombies (Ossuary)
  9 rats
886 creatures vanquished.

Vanquished Creatures (others)
  2 demonic plants (Gauntlet)
  6 fungi
  46 plants
  5 withered plants (D:15)
59 creatures vanquished.

Grand Total: 945 creatures vanquished

Table legend:
 A = Non-vault XP
 B = Vault XP
 C = Vault XP percentage of total XP
 D = Non-vault monster count
 E = Vault monster count
 F = Vault count percentage of total count
                 A         B        C        D         E       F
            +---------+---------+-------+---------+---------+-------
      Total |  116386 |   64550 |  35.7 |     523 |     363 |  41.0
            +---------+---------+-------+---------+---------+-------
        D:1 |      22 |       7 |  24.1 |      13 |       4 |  23.5
        D:2 |      53 |       0 |   0.0 |      19 |       0 |   0.0
        D:3 |     154 |      14 |   8.3 |      27 |       6 |  18.2
        D:4 |     463 |       0 |   0.0 |      23 |       0 |   0.0
        D:5 |     503 |     954 |  65.5 |      10 |      15 |  60.0
        D:6 |    1263 |       0 |   0.0 |      19 |       0 |   0.0
        D:7 |    1231 |       0 |   0.0 |      22 |       0 |   0.0
        D:8 |     687 |       0 |   0.0 |      12 |       0 |   0.0
        D:9 |    3485 |     216 |   5.8 |      29 |       5 |  14.7
       D:10 |    5739 |     863 |  13.1 |      38 |       1 |   2.6
       D:11 |    4936 |     350 |   6.6 |      11 |       1 |   8.3
       D:12 |    5109 |       0 |   0.0 |      21 |       0 |   0.0
       D:13 |    5441 |    3846 |  41.4 |      11 |      36 |  76.6
       D:14 |    6349 |    2500 |  28.3 |      15 |       3 |  16.7
       D:15 |   12229 |   13769 |  53.0 |      21 |      28 |  57.1
     Lair:1 |    1243 |    1875 |  60.1 |       8 |       3 |  27.3
     Lair:2 |    2981 |    2354 |  44.1 |      16 |       6 |  27.3
     Lair:3 |    5352 |     514 |   8.8 |      22 |       2 |   8.3
     Lair:4 |    6891 |     788 |  10.3 |      25 |       3 |  10.7
     Lair:5 |   12459 |   16623 |  57.2 |      30 |      75 |  71.4
      Orc:1 |    2376 |       0 |   0.0 |      37 |       0 |   0.0
      Orc:2 |    5360 |    5438 |  50.4 |      54 |      66 |  55.0
   Depths:1 |   32060 |       0 |   0.0 |      40 |       0 |   0.0
    Ossuary |       0 |     153 | 100.0 |       0 |      16 | 100.0
     Bailey |       0 |     290 | 100.0 |       0 |      19 | 100.0
      IceCv |       0 |    9947 | 100.0 |       0 |      51 | 100.0
   Gauntlet |       0 |    4049 | 100.0 |       0 |      23 | 100.0
            +---------+---------+-------+---------+---------+-------

Illustrated notes

Table legend:
 A = Kills in this place as a percentage of kills in entire the game.
 B = Kills by you in this place as a percentage of kills by you in the entire game.
 C = Kills by friends in this place as a percentage of kills by friends in the entire game.
 D = Other kills in this place as a percentage of other kills in the entire game.
 E = Experience gained in this place as a percentage of experience gained in the entire game.
 F = Experience gained in this place divided by the number of levels of this place that you have seen.
                   A       B       C       D       E      F
               +-------+-------+-------+-------+-------+----------------------
         Total | 100.0 | 100.0 |   N/A |   N/A | 100.0 | 6462.0
       Dungeon |  44.0 |  44.0 |   N/A |   N/A |  38.8 | 4678.9
          Lair |  21.4 |  21.4 |   N/A |   N/A |  28.2 | 10216.0
  Orcish Mines |  17.7 |  17.7 |   N/A |   N/A |   7.3 | 6587.0
        Depths |   4.5 |   4.5 |   N/A |   N/A |  17.7 | 32060.0
       Ossuary |   1.8 |   1.8 |   N/A |   N/A |   0.1 | 153.0
        Bailey |   2.1 |   2.1 |   N/A |   N/A |   0.2 | 290.0
      Ice Cave |   5.8 |   5.8 |   N/A |   N/A |   5.5 | 9947.0
      Gauntlet |   2.6 |   2.6 |   N/A |   N/A |   2.2 | 4049.0
               +-------+-------+-------+-------+-------+----------------------

Table legend: (Time is in decaauts)
 A = Elapsed time spent in this place.
 B = Non-inter-level travel time spent in this place.
 C = Inter-level travel time spent in this place.
 D = Time resting spent in this place.
 E = Time spent auto-exploring this place.
 F = Levels seen in this place.
 G = Mean time per level.
                   A        B        C        D        E       F      G
               +--------+--------+--------+--------+--------+-----+--------+
         Total |  24588 |  22974 |   1614 |   1919 |  14337 |  28 |  878.1 |
       Dungeon |  14078 |  13017 |   1061 |   1086 |   8681 |  15 |  938.5 |
        Temple |      1 |      1 |      0 |      0 |      0 |   1 |    1.0 |
          Lair |   5882 |   5553 |    329 |    407 |   3947 |   5 | 1176.4 |
  Orcish Mines |   1993 |   1769 |    224 |     99 |   1035 |   2 |  996.5 |
        Depths |    800 |    800 |      0 |    107 |    445 |   1 |  800.0 |
       Ossuary |    203 |    203 |      0 |      0 |    110 |   1 |  203.0 |
        Bailey |    271 |    271 |      0 |      3 |      0 |   1 |  271.0 |
      Ice Cave |    754 |    754 |      0 |    216 |    118 |   1 |  754.0 |
      Gauntlet |    602 |    602 |      0 |      0 |      0 |   1 |  602.0 |
               +--------+--------+--------+--------+--------+-----+--------+

Top non-repeatable levels by time:
  Lair:5: 1685 daAuts
    D:15: 1546 daAuts
   Orc:2: 1519 daAuts
  Lair:3: 1328 daAuts
     D:6: 1312 daAuts
  Lair:2: 1081 daAuts
     D:9: 1023 daAuts
  Lair:4: 1004 daAuts
    D:14: 997 daAuts
     D:7: 987 daAuts
    D:11: 952 daAuts
    D:10: 933 daAuts
     D:3: 914 daAuts
     D:8: 897 daAuts
    D:13: 879 daAuts
